 Dungeon Crawl Stone Soup version 0.26-a0-1139-g7d2dc89 (webtiles) character file.

Game seed: 17792821955914923622

8667 MatthieuS the Carver (level 11, 0/81 HPs)
             Began as a Human Fighter on Dec 21, 2020.
             Was a Priest of the Shining One.
             Slain by a death knight
             ... wielding a +0 glaive
              (19 damage)
             ... on level 11 of the Dungeon.
             The game lasted 00:33:49 (15150 turns).

MatthieuS the Carver (Human Fighter)               Turns: 15150, Time: 00:33:49

Health: 0/81       AC: 12    Str: 19    XL:     11   Next: 60%
Magic:  11/11      EV:  8    Int: 10    God:    the Shining One [***...]
Gold:   592        SH:  9    Dex: 15    Spells: 10/10 levels left

rFire    . . .     SeeInvis .   m - +6 hand crossbow of Teytt {elec, rN+ Dex+3}
rCold    . . .     Faith    .   c - +0 kite shield
rNeg     + + .     Spirit   .   s - +1 acid dragon scales
rPois    .         Reflect  .   w - +2 helmet
rElec    .         Harm     .   (no cloak)
rCorr    +         Rampage  .   h - +1 pair of gloves
Will     +....                  n - +1 pair of boots
Stlth    +.........             G - amulet of regeneration
HPRegen  0.63/turn              D - ring of stealth
MPRegen  0.12/turn              (no ring)

@: glowing
A: deformed body, strong-willed 1
a: Renounce Religion, Divine Shield


You were on level 11 of the Dungeon.
You worshipped the Shining One.
The Shining One was most pleased with you.
You visited 2 branches of the dungeon, and saw 12 of its levels.
You also visited: Ossuary.

You collected 643 gold pieces.
You donated 51 gold pieces to Zin.

Inventory:

Hand Weapons
 e - the +3 spear of Arbitration {flame, Dex+9}
   (You found it on level 6 of the Dungeon)

   It has been specially enchanted to burn those struck by it, causing extra
   injury to most foes and up to half again as much damage against particularly
   susceptible opponents.
   It affects your dexterity (+9).
 l - a +1 dagger of venom
   (You took it off a kobold on level 2 of the Dungeon)
 m - the +6 hand crossbow of Teytt (weapon) {elec, rN+ Dex+3}
   (You acquired it on level 7 of the Dungeon)

   It charges the ammunition it shoots with electricity; occasionally upon a
   hit, such missiles may discharge and cause terrible harm.
   It affects your dexterity (+3).
   It protects you from negative energy.
 B - the +6 scimitar of Lies {protect, rElec rPois rF- rN++}
   (You found it on level 8 of the Dungeon)

   It grants its wielder temporary protection when it strikes (+7 to AC).
   It makes you vulnerable to fire.
   It insulates you from electricity.
   It protects you from poison.
   It greatly protects you from negative energy.
Missiles
 b - 37 poisoned darts
 y - 20 bolts (quivered ammo)
 J - 3 throwing nets {!f}
Armour
 a - a scarf of invisibility
   (You found it on level 9 of the Dungeon)
 c - a +0 kite shield (worn)
 h - a +1 pair of gloves (worn)
   (You found it on level 3 of the Dungeon)
 j - a +0 ring mail of cold resistance
   (You found it on level 2 of the Dungeon)
 n - a +1 pair of boots (worn)
   (You found it on level 4 of the Dungeon)
 s - +1 acid dragon scales (worn)
   (You found it on level 8 of the Dungeon)
 w - a +2 helmet (worn)
   (You found it on level 4 of the Dungeon)
 K - a scarf of shadows
   (You found it on level 10 of the Dungeon)
Jewellery
 D - a ring of stealth (left hand)
   (You found it on level 8 of the Dungeon)
 G - an amulet of regeneration (around neck)
   (You found it on level 8 of the Dungeon)
Wands
 d - a wand of iceblast (16)
   (You found it on level 9 of the Dungeon)
 t - a wand of flame (35)
   (You found it on level 4 of the Dungeon)
 u - a wand of paralysis (19)
   (You found it on level 6 of the Dungeon)
 x - a wand of acid (7)
   (You found it on level 7 of the Dungeon)
Scrolls
 f - 2 scrolls of remove curse {@r2}
 g - 2 scrolls of identify {@r1}
 o - a scroll of magic mapping
 q - 2 scrolls of enchant weapon
 v - 2 scrolls of fog
 z - a scroll of fear
 H - a scroll of immolation {unknown}
 I - a scroll of silence {unknown}
Potions
 i - 3 potions of flight
 k - a potion of brilliance
 p - a potion of degeneration {unknown}
 r - a potion of curing {@q1}
 A - a potion of invisibility
Miscellaneous
 C - a tin of tremorstones (2/2)
   (You found it on level 8 of the Dungeon)
 E - a phantom mirror
   (You found it on level 8 of the Dungeon)
 F - a box of beasts (inert)
   (You found it on level 8 of the Dungeon)


   Skills:
 - Level 6.0 Fighting
 * Level 13.3 Long Blades
 * Level 9.3 Crossbows
 - Level 3.0 Armour
 - Level 3.0 Shields


You had 10 spell levels left.
You didn't know any spells.
Your spell library contained the following spells:

 Spells                   Type           Power        Failure   Level
 Animate Skeleton         Necr           0%           93%         1
 Apportation              Tloc           0%           93%         1
 Beastly Appendage        Tmut           0%           93%         1
 Corona                   Hex            0%           93%         1
 Freeze                   Ice            0%           93%         1
 Magic Dart               Conj           0%           93%         1
 Summon Small Mammal      Summ           0%           93%         1
 Blink                    Tloc           N/A          98%         2
 Call Imp                 Summ           0%           98%         2
 Slow                     Hex            0%           98%         2
 Wereblood                Tmut           0%           98%         2
 Conjure Flame            Conj/Fire      0%           100%        3
 Frozen Ramparts          Ice            0%           100%        3
 Mephitic Cloud           Conj/Pois/Air  0%           100%        3
 Ozocubu's Armour         Ice            0%           100%        3
 Spider Form              Tmut/Pois      0%           100%        3
 Hailstorm                Conj/Ice       0%           100%        4
 Ice Form                 Ice/Tmut       0%           100%        4
 Leda's Liquefaction      Hex/Erth       0%           100%        4
 Summon Ice Beast         Ice/Summ       0%           100%        4
 Blade Hands              Tmut           0%           100%        5
 Bolt of Magma            Conj/Fire/Erth 0%           100%        5
 Iron Shot                Conj/Erth      0%           100%        6
 Statue Form              Tmut/Erth      0%           100%        6
 Shatter                  Erth           0%           100%        9


Dungeon Overview and Level Annotations

Branches:
Dungeon (11/15)            Temple (1/1) D:5            Lair (0/6) D:9
Ossuary (visited)
    Orc: D:9-12

Altars:
Ashenzari
Cheibriados
Dithmenos
Elyvilon
Fedhas
Gozag
Hepliaklqana
Kikubaaqudgha
Makhleb
Nemelex Xobeh
Okawaru
Qazlal
Ru
Sif Muna
Trog
Uskayaw
Vehumet
Wu Jian
Xom
Yredelemnul
Zin
The Shining One


Innate Abilities, Weirdness & Mutations

Armour fits poorly on your strangely shaped body.
You are strong-willed. (Will+)


Message History

A gnoll comes into view.
There are monsters nearby!
You shoot a bolt. The gnoll shouts!
The bolt hits the death knight!!
The death knight reflects your damage back at you!
A gnoll comes into view. It is wielding a +0 spear.
You shoot a bolt. The bolt hits the gnoll sergeant.
The howler monkey hoots and howls with incredible vigour!
You hear a shout! x2
You shoot a bolt. The bolt hits the gnoll sergeant!
Lightning courses through the gnoll sergeant!
You kill the gnoll sergeant!
You shoot a bolt. The bolt hits the howler monkey.
You shoot a bolt. The bolt hits the gnoll.
Lightning courses through the gnoll!
You kill the gnoll!
The howler monkey hoots and howls with incredible vigour!
You hear a shout! x3
You shoot a bolt. The bolt hits the death knight.
The death knight reflects your damage back at you!
The death knight's dark mirror aura disappears.
You shoot a bolt. The bolt hits the death knight.
The death knight hits you but does no damage.
You shoot a bolt. The bolt hits the death knight!
The death knight hits you from afar with a +0 glaive!!
You shoot a bolt.
The bolt hits the death knight but does no damage.
Lightning courses through the death knight!
The death knight hits you from afar with a +0 glaive!
* * * LOW HITPOINT WARNING * * *
You are too injured to fight recklessly!
You are too injured to fight recklessly!
Fire: 22 bolts
Aim: a death knight, wielding a +0 glaive and wearing a +0 chain mail (almost dead, haloed)
You shoot a bolt. The bolt hits the death knight.
The death knight hits you from afar with a +0 glaive!!
* * * LOW HITPOINT WARNING * * *
Fire: 21 bolts
Aim: a death knight, wielding a +0 glaive and wearing a +0 chain mail (almost dead, haloed)
You shoot a bolt.
The bolt barely misses the death knight.
The death knight hits you from afar with a +0 glaive!
* * * LOW HITPOINT WARNING * * *
As you read the scroll of fear, it crumbles to dust.
You assume a fearsome visage.
The death knight resists with almost no effort.
The gnoll looks frightened! x2
You feel better.
The death knight hits you from afar with a +0 glaive!!
You die...

(.. (.. (( g( (### h.#
#p# #.# #@# #.#
###.####... #........#
######### #...###....
#...#...## #..........
.........#####....##....
........................
..........#####...##...


You could see a death knight and a howler monkey.

Vanquished Creatures
  A centaur warrior (D:8)
  A two-headed ogre (D:9)
  An unseen horror (D:8)
  A gargoyle (D:10)
  A centaur skeleton (D:10)
  A freezing wraith (D:8)
  6 yaks
  2 water moccasins
  2 sky beasts
  3 orc warriors
  2 ice beasts
  A black bear (D:10)
  2 phantoms
  A necrophage (D:8)
  2 ogres (D:8)
  4 centaurs
  Blork the orc (D:6)
  2 bullfrogs
  2 gnoll sergeants
  A wyvern skeleton (D:10)
  A water moccasin skeleton (D:5)
  4 scorpions
  17 wights
  5 howler monkeys
  A quasit (D:10)
  5 centaur zombies
  2 jellies
  4 orc priests
  10 hounds
  Jessica (D:2)
  2 bullfrog skeletons
  An iguana (D:9)
  9 orc wizards
  6 worker ants
  5 big kobold zombies (Ossuary)
  A hound zombie (D:6)
  A hound skeleton (D:10)
  6 mummies (Ossuary)
  4 worker ant zombies
  17 gnolls
  2 howler monkey skeletons (D:8)
  13 adders
  3 shadow imps
  5 ufetubi
  2 oozes
  A worm (D:3)
  4 dart slugs
  5 leopard geckos
  38 orcs
  6 giant cockroaches
  2 gnoll zombies (D:4)
  3 goblins
  7 hobgoblins
  3 jackals (D:3)
  3 quokkas
  A ball python (D:6)
  11 bats
  10 frilled lizards
  A hobgoblin zombie (Ossuary)
  7 kobolds
  2 leopard gecko zombies
  A quokka skeleton (D:6)
  6 rats
275 creatures vanquished.

Vanquished Creatures (others)
  An acid dragon (D:8)
  An ice beast (D:8)
  An orc (D:8)
3 creatures vanquished.

Grand Total: 278 creatures vanquished

Notes
Turn   | Place    | Note
-------+----------+-------------------------------------------
     0 | D:1      | MatthieuS the Human Fighter began the quest for the Orb.
     0 | D:1      | Reached XP level 1. HP: 18/18 MP: 1/1
   125 | D:1      | Reached XP level 2. HP: 24/24 MP: 2/2
   221 | D:1      | Reached skill level 3 in Long Blades
   255 | D:1      | Reached XP level 3. HP: 25/29 MP: 3/3
  1456 | D:2      | Noticed Jessica
  1463 | D:2      | Killed Jessica
  1464 | D:2      | Reached skill level 4 in Long Blades
  1464 | D:2      | Reached XP level 4. HP: 31/35 MP: 4/4
  1588 | D:2      | Reached XP level 5. HP: 25/41 MP: 5/5
  1921 | D:2      | Reached skill level 5 in Long Blades
  2637 | D:3      | Noticed an orc warrior
  2692 | D:3      | Killed an orc warrior
  2692 | D:3      | HP: 1/41 [orc wizard/magic dart (9)]
  2693 | D:3      | Reached skill level 6 in Long Blades
  2693 | D:3      | Reached XP level 6. HP: 1/47 MP: 6/6
  3468 | D:3      | Reached XP level 7. HP: 40/52 MP: 7/7
  3477 | D:3      | Reached skill level 7 in Long Blades
  3761 | D:3      | Found a sacrificial altar of Ru.
  3761 | D:3      | Found an ornate altar of the Wu Jian Council.
  4363 | D:4      | Found a basalt altar of Yredelemnul.
  5495 | D:4      | Reached skill level 8 in Long Blades
  5977 | D:5      | Entered Level 5 of the Dungeon
  6097 | D:5      | Reached XP level 8. HP: 53/58 MP: 8/8
  6130 | D:5      | Found a staircase to the Ecumenical Temple.
  6140 | Temple   | Entered the Ecumenical Temple
  6483 | D:5      | Reached skill level 9 in Long Blades
  7102 | D:6      | Reached skill level 10 in Long Blades
  7641 | D:6      | Found a sand-covered staircase.
  7652 | Ossuary  | Entered an ossuary
  7683 | Ossuary  | Reached XP level 9. HP: 63/63 MP: 9/9
  7772 | Ossuary  | Reached skill level 11 in Long Blades
  8189 | Temple   | Became a worshipper of Zin the Law-Giver
  8189 | Temple   | Reached * piety under Zin
  8366 | D:6      | Noticed Blork the orc
  8383 | D:6      | Killed Blork the orc
  8455 | D:6      | Reached ** piety under Zin
  8961 | D:6      | Got a warped spear
  8962 | D:6      | Identified the +3 spear of Arbitration {flame, Dex+9} (You
                  | found it on level 6 of the Dungeon)
  9805 | D:7      | Reached skill level 12 in Long Blades
 10075 | D:7      | Identified the cursed +1 mace of Autumn {vamp, rF++ Dex-4}
                  | (You found it on level 7 of the Dungeon)
 10411 | D:7      | Identified a scroll of acquirement
 10415 | D:7      | Acquired the +6 hand crossbow of Teytt {elec, rN+ Dex+3}
 10674 | D:6      | Reached skill level 1 in Crossbows
 11593 | D:8      | Reached XP level 10. HP: 70/70 MP: 10/10
 11971 | D:8      | Noticed a centaur warrior
 11972 | D:8      | Got a crystal scimitar
 11977 | D:8      | Identified the +6 scimitar of Lies {protect, rElec rPois
                  | rF- rN++} (You found it on level 8 of the Dungeon)
 11997 | D:8      | Killed a centaur warrior
 11998 | D:8      | Reached skill level 5 in Fighting
 11998 | D:8      | Reached skill level 5 in Crossbows
 12191 | D:8      | Killed an unseen horror
 12498 | D:8      | Reached *** piety under Zin
 12735 | D:8      | Found an ancient bone altar of Kikubaaqudgha.
 12762 | D:8      | Found a glowing golden altar of the Shining One.
 12781 | D:8      | Fell from the grace of Zin
 12781 | D:8      | Became a worshipper of the Shining One
 12781 | D:8      | Reached * piety under the Shining One
 13105 | D:9      | Found a bloodstained altar of Trog.
 13137 | D:9      | Reached ** piety under the Shining One
 13205 | D:9      | Noticed a two-headed ogre
 13211 | D:9      | Killed a two-headed ogre
 13212 | D:9      | Reached XP level 11. HP: 74/81 MP: 11/11
 13291 | D:9      | Gained mutation: Armour fits poorly on your strangely
                  | shaped body. [potion of mutation]
 13291 | D:9      | Gained mutation: You are strong-willed. (Will+) [potion of
                  | mutation]
 13543 | D:9      | Found a staircase to the Lair.
 14032 | D:10     | Entered Level 10 of the Dungeon
 14134 | D:10     | Found a sacrificial altar of Ru.
 14327 | D:10     | Reached *** piety under the Shining One
 14516 | D:10     | Reached skill level 13 in Long Blades
 15135 | D:11     | Noticed a death knight
 15150 | D:11     | Slain by a death knight

Illustrated notes

Levels and vault maps discovered:
D:1:      lemuel_arrival_river_passageway, layout_loops_corners, hex_large
D:2:      kennysheep_big_flooded_room, layout_basic, uniq_jessica
D:3:      layout_basic, amethyst_overflow_temple_binary
D:4:      layout_gridville, lemuel_zombie_altar_yredelemnul
D:5:      layout_cave_pools, minmay_temple_entry_statues_pillars,
          minmay_tree_intersection, kennysheep_small_square
D:6:      minmay_angry_zag, layout_gridville,
          lightli_ossuary_entry_decrepit_ruins, uniq_blork_the_orc
D:7:      layout_gridville
D:8:      minmay_the_grid_triangle_9x9_rhombus_full
          [minmay_the_grid_triangle_9x9_swiss_cheese,
          minmay_the_grid_triangle_9x9_empty,
          minmay_the_grid_triangle_9x9_limited_checkers,
          minmay_the_grid_triangle_9x9_pentomino_pain,
          minmay_the_grid_triangle_9x9_wacky_v,
          minmay_the_grid_triangle_9x9_minimal,
          minmay_the_grid_triangle_9x9_flanged_cone,
          minmay_the_grid_triangle_9x9_prize_schism], layout_gridville,
          kiku_gazebo_garden_becter, kennysheep_little_box
D:9:      layout_basic, lemuel_round_altar, lair_entry_dummy,
          minmay_fractal_squares_gapless_7
D:10:     layout_grid_maze, basic_altar
D:11:     layout_rooms
Temple:   regret_index_temple_sphere_string

Skill      XL: |  1  2  3  4  5  6  7  8  9 10 11 |
---------------+----------------------------------+-----
Long Blades    | 3 4 6 8 10 12 13 | 13.3
Crossbows      | 2 7 9 |  9.3
Fighting       | 6 |  6.0
Armour         | |  3.0
Shields        | |  3.0

Action                   |  1- 3 |  4- 6 |  7- 9 | 10-12 || total
-------------------------+-------+-------+-------+-------++-------
Melee: Long sword        |    95 |       |   148 |    38 ||   281
       Dagger            |    12 |   146 |   679 |    68 ||   905
       Spear             |       |       |     9 |       ||     9
       Scimitar          |       |       |       |   155 ||   155
 Fire: Hand crossbow     |       |       |       |    83 ||    83
Throw: Dart              |       |       |       |     6 ||     6
Invok: Divine Shield     |       |       |       |     1 ||     1
Evoke: Wand              |       |       |    12 |     7 ||    19
       Box of beasts     |       |       |       |     1 ||     1
  Use: Scroll            |     2 |     5 |    15 |     9 ||    31
       Potion            |     2 |     3 |     7 |     6 ||    18
 Stab: Invisible         |       |       |       |     1 ||     1
Armor: Scale mail        |    42 |    30 |   334 |    54 ||   460
       Ring mail         |    11 |     6 |       |       ||    17
       Skin              |       |       |    41 |       ||    41
       Acid dragon scale |       |       |       |    87 ||    87
Dodge: Dodged            |    27 |    33 |   191 |    87 ||   338
Block: Kite shield       |    52 |    67 |   341 |   119 ||   579
       Rpst.: Long sword |     3 |       |    11 |     2 ||    16
       Scimitar          |       |       |       |    15 ||    15

Table legend: (Time is in decaauts)
 A = Elapsed time spent in this place.
 B = Non-inter-level travel time spent in this place.
 C = Inter-level travel time spent in this place.
 D = Time resting spent in this place.
 E = Time spent auto-exploring this place.
 F = Levels seen in this place.
 G = Mean time per level.
                   A        B        C        D        E       F      G
               +--------+--------+--------+--------+--------+-----+--------+
         Total |  14971 |  14295 |    676 |   3858 |   7457 |  13 | 1151.6 |
       Dungeon |  14341 |  13721 |    620 |   3610 |   7288 |  11 | 1303.7 |
        Temple |    191 |    136 |     55 |      0 |    131 |   1 |  191.0 |
       Ossuary |    439 |    439 |      0 |    248 |     38 |   1 |  439.0 |
               +--------+--------+--------+--------+--------+-----+--------+

Top non-repeatable levels by time:
     D:6: 2507 daAuts
     D:2: 1868 daAuts
     D:3: 1773 daAuts
     D:8: 1745 daAuts
     D:4: 1561 daAuts
     D:9: 972 daAuts
    D:10: 960 daAuts
     D:1: 948 daAuts
     D:5: 948 daAuts
     D:7: 904 daAuts
 Ossuary: 439 daAuts
  Temple: 191 daAuts
    D:11: 150 daAuts
